 Dungeon Crawl Stone Soup version 0.23.2-1-ga50397a6bc (webtiles) character file.

Game seed: 1308707886663417624

217 Mrkan the Ruffian (level 5, -1/50 HPs)
             Began as a Troll Monk on May 27, 2019.
             Succumbed to a gnoll's poison
             ... on level 3 of the Dungeon.
             The game lasted 00:04:40 (2006 turns).

Mrkan the Ruffian (Troll Monk)                      Turns: 2006, Time: 00:04:40

Health: -1/50      AC:  6    Str: 19    XL:     5   Next: 62%
Magic:  4/4        EV: 10    Int:  6    God:
Gold:   134        SH:  0    Dex: 13    Spells: 4/4 levels left

rFire    . . .     SeeInvis .     - Unarmed
rCold    . . .     Gourm    +   (no shield)
rNeg     . . .     Faith    .   a - +0 robe
rPois    .         Spirit   .   (helmet restricted)
rElec    .         Reflect  .   (no cloak)
rCorr    .         Harm     .   (gloves unavailable)
MR       .....                  (boots unavailable)
Stlth    ++........             (no amulet)
HPRegen  0.56/turn              (no ring)
MPRegen  0.09/turn              (no ring)

@: lethally poisoned (-1 -> -21)
A: large, unfitting armour, claws 3, fast metabolism 3, gourmand, regeneration
1, shaggy fur 1, tough skin 3
a: no special abilities


You were on level 3 of the Dungeon.
You were very full.

You visited 1 branch of the dungeon, and saw 3 of its levels.

You collected 134 gold pieces.

Inventory:

Missiles
 c - 8 javelins (quivered)
 f - 8 tomahawks
Armour
 a - a +0 robe (worn)
Scrolls
 e - 2 scrolls of teleportation {unknown}
 g - a scroll of identify {unknown}
Potions
 d - 2 potions of heal wounds {unknown}
 h - 2 potions of brilliance {unknown}
 i - a potion of haste {unknown}
 j - a potion of curing {unknown}
 k - a potion of magic {unknown}
 l - a potion of might {unknown}
Comestibles
 b - 6 rations


   Skills:
 - Level 2.4 Fighting
 - Level 2.4 Dodging
 - Level 1.0 Stealth
 * Level 6.4 Unarmed Combat


You had 4 spell levels left.
You didn't know any spells.
Your spell library was empty.

Dungeon Overview and Level Annotations

Branches:
Dungeon (3/15)

Altars:


Innate Abilities, Weirdness & Mutations

You are too large for most types of armour.
You have claws for hands.
Your metabolism is lightning-fast.
You like to eat raw meat.
Your natural rate of healing is unusually fast.
You are covered in fur. (AC +1)
You have extremely tough skin. (AC +3)


Message History

You scratch the gnoll but do no damage. You claw the gnoll, but do no damage.
The gnoll is lightly wounded.
You feel sick. The gnoll closely misses you.
The gnoll hits you but does no damage.
You are lethally poisoned!
You scratch the gnoll but do no damage.
The gnoll is lightly wounded.
* * * LOW HITPOINT WARNING * * *
You feel very sick.
The gnoll hits you from afar with a +0 halberd.
* * * LOW HITPOINT WARNING * * *
The gnoll closely misses you.
* * * LOW HITPOINT WARNING * * *
You feel sick.
The gnoll hits you from afar with a +0 spear of venom.
* * * LOW HITPOINT WARNING * * *
You are more poisoned.
* * * LOW HITPOINT WARNING * * *
You feel very sick.
You die...

##.# ##..÷.)### #. #.# ##..#..##
#. #.# #..##...##### #. ######
#.#####.###.......###. ......
#..##...# ##.####...## ......
##....### #.# ###... ......#####
###..# #.#########
...g......#############..#......#
.....w.†.wg.gg..@...............#
......####################......#
###### #......# #.<....# ########


You could see a worm and 3 gnolls.

Vanquished Creatures
  A worker ant (D:3)
  A gnoll (D:3)
  10 adders
  An adder skeleton (D:2)
  5 dart slugs
  3 leopard geckos
  2 ball pythons
  13 bats
  2 giant cockroaches
  6 goblins
  10 hobgoblins
  8 jackals
  A quokka (D:3)
  4 frilled lizards
  6 kobolds
  8 rats
81 creatures vanquished.

Notes
Turn   | Place    | Note
-------+----------+-------------------------------------------
     0 | D:1      | Mrkan the Troll Monk began the quest for the Orb.
     0 | D:1      | Reached XP level 1. HP: 22/22 MP: 0/0
   187 | D:1      | Reached XP level 2. HP: 29/29 MP: 1/1
   370 | D:1      | Reached skill level 4 in Unarmed Combat
   473 | D:1      | Reached XP level 3. HP: 30/36 MP: 2/2
  1017 | D:2      | Reached skill level 5 in Unarmed Combat
  1017 | D:2      | Reached XP level 4. HP: 33/44 MP: 3/3
  1597 | D:3      | Reached XP level 5. HP: 49/50 MP: 4/4
  1694 | D:3      | Reached skill level 6 in Unarmed Combat
  2005 | D:3      | HP: 1/50 [poisoned by a gnoll]
  2006 | D:3      | Succumbed to a gnoll's poison

Skill      XL: |  1  2  3  4  5 |
---------------+----------------+-----
Unarmed Combat | 4 5 6 |  6.4
Fighting       | |  2.4
Dodging        | |  2.4
Stealth        | |  1.0

Action                   |  1- 3 |  4- 6 || total
-------------------------+-------+-------++-------
Melee: Unarmed           |   101 |   126 ||   227
       Punch             |     2 |     4 ||     6
 Stab: Sleeping          |     2 |       ||     2
       Distracted        |     1 |       ||     1
  Eat: Chunk             |    10 |    12 ||    22
Armor: Robe              |    68 |    61 ||   129
Dodge: Dodged            |    70 |    92 ||   162
